 Dungeon Crawl Stone Soup version 0.23-a0-171-g5ae17c6 (webtiles) character file.

41685 grindst0ne the Blocker (level 13, -1/117 HPs)
             Began as a Demigod Fighter on Sept 13, 2018.
             Splashed by an oklob plant's acid (10 damage)
             ... on level 4 of the Lair of Beasts.
             The game lasted 00:26:14 (15833 turns).

grindst0ne the Blocker (Demigod Fighter)           Turns: 15833, Time: 00:26:15

Health: -1/117     AC: 18    Str: 26    XL:     13   Next: 45%
Magic:  16/16      EV:  7    Int: 21    God:
Gold:   1036       SH: 18    Dex: 19    Spells: 10/12 levels left

rFire    + . .     SeeInvis .   d - +3 war axe (chop)
rCold    + . .     Gourm    .   Y - +0 shield {AC+3}
rNeg     . . .     Faith    .   v - +0 plate armour
rPois    .         Spirit   .   S - +1 hat {Int+3}
rElec    .         Reflect  +   C - scarf {rC+ rF+}
rCorr    .         Harm     .   p - +0 pair of gloves
MR       ++...                  (no boots)
Stlth    ..........             z - amulet of Feilluz {Reflect Str+5 Int+4 SH+4}
HPRegen  0.29/turn              b - ring of protection from magic
MPRegen  0.15/turn              w - +5 ring of protection

@: corroded, very slightly contaminated
A: high mp 1
a: no special abilities


You were on level 4 of the Lair of Beasts.
You were not hungry.

You visited 2 branches of the dungeon, and saw 16 of its levels.
You also visited: Ossuary.

You collected 1036 gold pieces.

Inventory:

Hand Weapons
 d - a +3 war axe of chopping (weapon)
 M - a +1 flail of draining
 X - a +1 dagger of venom
Armour
 p - a +0 pair of gloves (worn)
 v - a +0 plate armour (worn)
 C - a scarf of resistance (worn)
 S - a +1 hat of intelligence (worn)
 Y - a +0 shield of protection (worn)
Jewellery
 b - a ring of protection from magic (left hand)
 n - a cursed amulet of inaccuracy {unknown}
 w - a +5 ring of protection (right hand)
 y - an uncursed ring of positive energy
 z - the amulet of Feilluz (around neck) {Reflect Str+5 Int+4 SH+4}
   (You took it off an orc on level 4 of the Dungeon)

   [amulet of reflection]

   It shields you and reflects attacks.
   It affects your strength (+5).
   It affects your intelligence (+4).
   It affects your SH (+4).
 D - a +5 amulet of reflection {unknown}
 E - an uncursed ring of ice
 K - an uncursed amulet of the acrobat {unknown}
 Q - an uncursed ring of protection from fire
 V - an uncursed ring of ice
Wands
 s - a wand of polymorph (31)
 O - a wand of flame (82)
 T - a wand of iceblast (14)
 U - a wand of disintegration (11)
Scrolls
 g - a scroll of immolation
 h - 9 scrolls of teleportation
 k - a scroll of random uselessness {unknown}
 l - 3 scrolls of blinking
 m - 2 scrolls of magic mapping
 o - 5 scrolls of amnesia
 r - 7 scrolls of remove curse
 u - 3 scrolls of fear {unknown}
 x - 4 scrolls of fog
 A - 3 scrolls of enchant armour
 B - a scroll of holy word {unknown}
 F - a scroll of vulnerability {unknown}
 H - a scroll of enchant weapon {unknown}
 I - a scroll of silence {unknown}
 N - 2 scrolls of acquirement {unknown}
 W - 2 scrolls of noise {unknown}
Potions
 a - 2 potions of brilliance
 e - 2 potions of flight
 i - a potion of resistance
 j - 2 potions of mutation {unknown}
 q - 3 potions of haste
 t - 2 potions of magic
 G - 7 potions of might
 J - 6 potions of curing
 L - a potion of ambrosia
 P - 2 potions of berserk rage
 Z - a potion of agility
Comestibles
 f - 43 rations


   Skills:
 + Level 11.7 Fighting
 + Level 11.6 Axes
 * Level 5.4 Armour
 + Level 13.7 Shields


You had 10 spell levels left.
You knew the following spells:

 Your Spells              Type           Power        Failure   Level  Hunger
a - Blink                 Tloc           N/A          99%         2    ###....

Your spell library contained the following spells:

 Spells                   Type           Power        Failure   Level  Hunger
 Beastly Appendage        Tmut           #.....       95%         1    ##.....
 Confusing Touch          Hex            #.....       95%         1    ##.....
 Magic Dart               Conj           #...         95%         1    ##.....
 Call Imp                 Summ           #.......     99%         2    ###....
 Slow                     Hex            #.......     99%         2    ###....
 Sticks to Snakes         Tmut           #.......     99%         2    ###....
 Confuse                  Hex            #.......     100%        3    ####...
 Conjure Flame            Conj/Fire      #.......     100%        3    ####...
 Gell's Gravitas          Tloc           #.........   100%        3    ####...
 Mephitic Cloud           Conj/Pois/Air  #.......     100%        3    ####...
 Spider Form              Tmut/Pois      #.........   100%        3    ####...
 Ice Form                 Ice/Tmut       #.......     100%        4    #####..
 Petrify                  Tmut/Erth      #.......     100%        4    #####..
 Blade Hands              Tmut           #.........   100%        5    ######.
 Metabolic Englaciation   Hex/Ice        #.........   100%        5    ######.
 Yara's Violent Unravell  Hex/Tmut       #.........   100%        5    ######.


Dungeon Overview and Level Annotations

Branches:
Dungeon (12/15)            Temple (0/1) D:5            Lair (4/6) D:9
  Swamp (0/4) Lair:4        Snake (0/4) Lair:2          Orc (0/2) D:12

Shops:
D:9 }

Annotations:
D:6 exclusion: downstairs
D:11 3 runed doors, Nib's ghost, journeyman MiBe
Lair:4 exclusion: oklob plant


Innate Abilities, Weirdness & Mutations

You have an increased reservoir of magic. (+10% MP)


Message History

* * * LOW HITPOINT WARNING * * *
You are splashed with acid!
The acid burns!
* * * LOW HITPOINT WARNING * * *
You hit the oklob plant but do no damage.
The oklob plant is severely damaged.
The oklob plant spits acid at you. The splash of acid hits you!
* * * LOW HITPOINT WARNING * * *
The acid corrodes you!
You are splashed with acid!
The acid burns!
* * * LOW HITPOINT WARNING * * *
You feel much better.
Blink to where?
Press: ? - help, Dir - move target cursor You are very lightly contaminated with residual magic.
As you read the scroll of blinking, it crumbles to dust.
The oklob plant spits acid at you. The splash of acid hits you!
* * * LOW HITPOINT WARNING * * *
You are splashed with acid!
The acid burns!
You die...

##### ##### ####P#.######
###
###...#####.#....P.##P###.#
#.......##.................
#...P§..'.......P##...P.###
#P......##@.....P##..#P.###
###...####......###+.PP'##.
#########......###...P.###
#..............P##......#.
#...............##.....###
#...............#.....<###
#..............P#######.#.
##..............## ####..#.
#................#.##.#.P.P


You could see an oklob plant.

Vanquished Creatures
  Gastronok (D:9)
  5 hydras
  Fannar (Lair:1)
  2 two-headed ogres
  2 unseen horrors
  2 ugly things (D:11)
  6 elephants (Lair:3)
  2 centaur skeletons (D:10)
  3 spiny frogs
  2 komodo dragons
  A polar bear (Lair:1)
  A queen bee (Lair:1)
  A troll (D:6)
  A hornet (D:8)
  12 blink frogs
  A meliai zombie (D:9)
  6 hippogriffs
  Sigmund (D:6)
  26 yaks
  A wyvern (D:10)
  A steam dragon (Lair:3)
  2 basilisks
  4 hungry ghosts
  Edmund (D:6)
  A naga (Lair:2)
  2 soldier ants (D:8)
  10 porcupines
  7 water moccasins
  A black bear (D:10)
  6 orc warriors
  4 sky beasts
  An eye of draining (D:8)
  2 phantoms
  8 ogres
  5 ice beasts
  4 centaurs
  6 wolves (Lair:3)
  4 crocodiles
  An elf zombie (Ossuary)
  3 big kobolds
  8 bullfrogs
  A water moccasin zombie (D:10)
  A wyvern skeleton (D:12)
  A water moccasin skeleton (D:8)
  2 scorpions
  29 killer bees
  10 howler monkeys
  An electric eel (Lair:2)
  3 crimson imps
  A quasit (D:9)
  4 bullfrog skeletons
  2 centaur zombies
  7 jellies
  6 hounds
  2 bullfrog zombies
  13 orc priests
  Ijyb (D:4)
  3 iguanas
  13 orc wizards
  9 worker ants
  A big kobold zombie (Ossuary)
  A hound zombie (D:10)
  3 hound skeletons
  2 mummies (Ossuary)
  12 adders
  A shadow imp (D:11)
  18 oozes (Lair:4)
  An adder skeleton (D:4)
  An adder zombie (Ossuary)
  8 worms
  4 dart slugs
  7 leopard geckos
  46 orcs
  2 ball pythons
  10 bats
  9 giant cockroaches
  11 hobgoblins
  18 jackals
  7 quokkas
  5 frilled lizards
  4 goblins
  2 goblin zombies (Ossuary)
  8 hobgoblin zombies (Ossuary)
  A jackal zombie (Ossuary)
  19 kobolds
  14 kobold zombies (Ossuary)
  6 orc zombies (Ossuary)
  A quokka zombie (D:5)
  4 rats
  A rat zombie (Ossuary)
  A fungus (D:9)
495 creatures vanquished.

Vanquished Creatures (others)
  An orc (D:12)
  A kobold (D:11)
  2 fungi (Lair:4)
4 creatures vanquished.

Grand Total: 499 creatures vanquished

Notes
Turn   | Place    | Note
-------+----------+-------------------------------------------
     0 | D:1      | grindst0ne the Demigod Fighter began the quest for the Orb.
     0 | D:1      | Reached XP level 1. HP: 18/18 MP: 3/3
   138 | D:1      | Reached XP level 2. HP: 25/25 MP: 4/4
   246 | D:1      | Reached skill level 3 in Shields
   792 | D:2      | Reached XP level 3. HP: 31/31 MP: 5/5
  1002 | D:2      | Found a burning altar of Makhleb.
  1334 | D:2      | Reached XP level 4. HP: 38/38 MP: 6/6
  2201 | D:3      | Reached XP level 5. HP: 46/46 MP: 7/7
  2321 | D:3      | Reached skill level 4 in Shields
  2646 | D:4      | Noticed Ijyb
  2654 | D:4      | Killed Ijyb
  2802 | D:4      | Reached XP level 6. HP: 52/52 MP: 8/8
  3097 | D:4      | Reached XP level 7. HP: 12/60 MP: 9/9
  3387 | D:4      | Got a vibrating graven amulet
  3388 | D:4      | Identified the amulet of Feilluz {Reflect Str+5 Int+4 SH+4}
                  | (You took it off an orc on level 4 of the Dungeon)
  3480 | D:4      | Reached skill level 5 in Shields
  3532 | D:4      | Reached skill level 5 in Fighting
  3605 | D:4      | Found a bloodstained altar of Trog.
  3743 | D:5      | Entered Level 5 of the Dungeon
  3951 | D:5      | Reached skill level 5 in Axes
  3979 | D:5      | Found a sparkling altar of Nemelex Xobeh.
  4250 | D:5      | Found a staircase to the Ecumenical Temple.
  4595 | D:6      | Noticed a two-headed ogre
  4615 | D:6      | Killed a two-headed ogre
  4615 | D:6      | Reached skill level 6 in Shields
  4615 | D:6      | Reached XP level 8. HP: 33/71 MP: 10/10
  5003 | D:6      | Learned a level 2 spell: Blink
  5070 | D:6      | Noticed Edmund
  5071 | D:6      | Noticed Sigmund
  5077 | D:6      | Killed Sigmund
  5080 | D:6      | Killed Edmund
  5132 | D:6      | Noticed a troll
  5144 | D:6      | Killed a troll
  5144 | D:6      | Reached skill level 7 in Shields
  5486 | D:7      | Reached XP level 9. HP: 79/79 MP: 11/11
  5508 | D:7      | HP: 1/79 [orc warrior/glaive (12)]
  5913 | D:7      | Found a sand-covered staircase.
  5917 | Ossuary  | Entered an ossuary
  6748 | D:8      | Reached skill level 8 in Shields
  7124 | D:8      | Reached XP level 10. HP: 88/90 MP: 13/13
  7974 | D:9      | Found a staircase to the Lair.
  8053 | D:9      | Found Vablao's Gadget Boutique.
  8288 | D:9      | Noticed Gastronok
  8308 | D:9      | Killed Gastronok
  8308 | D:9      | Reached skill level 9 in Shields
  8512 | D:10     | Entered Level 10 of the Dungeon
  8757 | D:10     | Reached skill level 12 in Shields
  8757 | D:10     | Reached XP level 11. HP: 98/99 MP: 14/14
  8964 | D:10     | Killed an unseen horror
  8964 | D:10     | Reached XP level 12. HP: 87/106 MP: 15/15
  9416 | D:10     | Reached skill level 10 in Fighting
  9589 | D:11     | Noticed an eight-headed hydra
  9613 | D:11     | Killed an eight-headed hydra
  9613 | D:11     | Reached skill level 10 in Axes
 10210 | D:11     | Found a runed gate.
 10210 | D:11     | Found a runed gate.
 10211 | D:11     | Found a runed gate.
 10222 | D:11     | Noticed Nib's ghost (journeyman MiBe)
 11087 | D:12     | Found a staircase to the Orcish Mines.
 11322 | Lair:1   | Entered Level 1 of the Lair of Beasts
 11572 | Lair:1   | Noticed Fannar
 11593 | Lair:1   | Killed Fannar
 11602 | Lair:1   | Reached skill level 13 in Shields
 12788 | Lair:2   | Found a staircase to the Snake Pit.
 13214 | Lair:2   | Noticed a six-headed hydra
 13237 | Lair:2   | Killed a six-headed hydra
 13454 | Lair:2   | Reached XP level 13. HP: 115/116 MP: 16/16
 15373 | Lair:4   | Reached skill level 5 in Armour
 15693 | Lair:4   | Found a staircase to the Swamp.
 15831 | Lair:4   | HP: 2/117 [acid (8)]
 15833 | Lair:4   | Splashed by an oklob plant's acid

Vault maps used:
D:1:      tarquinn_simple_flora_water_e
D:2:      marbit_many_paths, kennysheep_minor_cross
D:3:      first_ration, minmay_misc_feat_four_crosses, minivault_4,
          skrybe_limestone_x
D:4:      bloody_trog, uniq_ijyb
D:5:      minmay_temple_entry_enclosed_plants, minmay_misc_feat_chi,
          nemelex_lonely_heart_becter
D:6:      sigmund_edmund_badplayer
D:7:      nicolae_ossuary_entry_false_entrances
D:8:      hangedman_pestilent_swarm, minmay_crossroads
D:9:      dpeg_oklobed_lair, serial_shops, shop, minivault_23, uniq_gastronok
D:11:     gammafunk_ghost_split, kennysheep_generic_room_8
D:12:     orc_0_dummy
Lair:1:   special_room, uniq_fannar
Lair:2:   guppyfry_snake_entry_island, lemuel_fruit_fields, serial_bayou_shore_a
Lair:3:   guppyfry_lair_drakes, grunt_megastairs_1, serial_bayou_shore_b
Lair:4:   lemuel_slime, swamp_mist, serial_bayou_pond_e
Ossuary:  ossuary_tomb_1

Skill      XL: |  1  2  3  4  5  6  7  8  9 10 11 12 13 |
---------------+----------------------------------------+-----
Axes           | 2 3 4 6 8 9 11 | 11.6
Fighting       | 3 4 6 7 8 9 11 | 11.7
Shields        | 3 4 6 7 8 12 13 | 13.7
Armour         | 5 |  5.4

Action                   |  1- 3 |  4- 6 |  7- 9 | 10-12 | 13-15 || total
-------------------------+-------+-------+-------+-------+-------++-------
Melee: War axe           |   130 |   124 |   371 |   669 |   201 ||  1495
       Flail             |       |       |       |    28 |    33 ||    61
  Use: Potion            |       |     1 |     5 |     6 |     4 ||    16
       Scroll            |       |       |     8 |     9 |     3 ||    20
 Stab: Distracted        |       |       |       |     1 |       ||     1
  Eat: Chunk             |     2 |     5 |    11 |    25 |     8 ||    51
       Ration            |       |       |     1 |     1 |       ||     2
Armor: Scale mail        |    65 |     9 |       |       |       ||    74
       Plate armour      |       |    48 |   136 |   306 |   106 ||   596
       Skin              |       |       |       |    84 |    68 ||   152
Dodge: Dodged            |    46 |    18 |    56 |   104 |    43 ||   267
Block: Shield            |    86 |    60 |   320 |   661 |   235 ||  1362
       Reflection        |       |       |     8 |    15 |       ||    23

Table legend:
 A = Non-vault XP
 B = Vault XP
 C = Vault XP percentage of total XP
 D = Non-vault monster count
 E = Vault monster count
 F = Vault count percentage of total count
                 A         B        C        D         E       F
            +---------+---------+-------+---------+---------+-------
      Total |   38348 |    8771 |  18.6 |     390 |     105 |  21.2
            +---------+---------+-------+---------+---------+-------
        D:1 |      46 |       0 |   0.0 |      26 |       0 |   0.0
        D:2 |      80 |       1 |   1.2 |      21 |       1 |   4.5
        D:3 |     189 |       0 |   0.0 |      30 |       0 |   0.0
        D:4 |     622 |      36 |   5.5 |      36 |       1 |   2.7
        D:5 |     585 |       0 |   0.0 |      20 |       0 |   0.0
        D:6 |    1667 |     400 |  19.4 |      15 |       2 |  11.8
        D:7 |    1068 |       0 |   0.0 |      30 |       0 |   0.0
        D:8 |    1346 |     829 |  38.1 |      26 |       6 |  18.8
        D:9 |    1283 |    2255 |  63.7 |      17 |       1 |   5.6
       D:10 |    4804 |       0 |   0.0 |      40 |       0 |   0.0
       D:11 |    6223 |     157 |   2.5 |      42 |       2 |   4.5
       D:12 |     690 |       0 |   0.0 |       7 |       0 |   0.0
     Lair:1 |    3875 |    2837 |  42.3 |      23 |      26 |  53.1
     Lair:2 |    3927 |     163 |   4.0 |      16 |       1 |   5.9
     Lair:3 |    8682 |    1517 |  14.9 |      28 |       4 |  12.5
     Lair:4 |    3261 |     335 |   9.3 |      13 |      23 |  63.9
    Ossuary |       0 |     241 | 100.0 |       0 |      38 | 100.0
            +---------+---------+-------+---------+---------+-------
